Map: Wildwuchs LE (Void)

Players

JackCody - Winner!

  • Race: Terran Terran
  • League: Diamond
  • Spawn Location: 7:00

K.I.-1 (Sehr leicht)

  • Race: Zerg Zerg
  • Spawn Location: 1:00

VOD

Have the link to the VOD?

Description

Time

  • Played on: Dec. 26, 2016, 4:10 a.m.
  • Length: 5:34
Show
View Real Time Build Order
Export as new Build Order

JackCody Terran - Winner!

Build Orders: Hellion Opening, Reaper Expand 

Get SALT Encoding   

  12  0:01  SCV  
  13  0:13  SCV  
  14  0:18  Supply Depot  
  14  0:25  SCV  
  15  0:29  Refinery  
  15  0:40  SCV  
  16  0:45  Barracks  
  16  0:52  SCV  
  17  1:04  SCV  
  18  1:16  SCV  
  19  1:31  Orbital Command  
  19  1:32  Reaper  
  20  1:44  Command Center  
  20  1:55  Factory  
  20  2:05  Supply Depot  
  20  2:12  Barracks Reactor  
  20  2:13  SCV  
  21  2:17  Refinery  
  21  2:25  SCV  
  22  2:37  SCV  
  23  2:44  Factory  
  23  2:49  SCV  
  24  2:57  Barracks Reactor  
  24  2:58  Orbital Command  
  24  3:00  Hellion x2  
  24  3:02  SCV  
  29  3:14  SCV  
  30  3:21  Hellion x2  
  30  3:26  SCV  
  30  3:27  SCV  
  36  3:31  Supply Depot  
  36  3:38  SCV  
  37  3:42  Cyclone x2  
  37  3:43  SCV  
  44  3:50  Armory  
  44  3:51  SCV  
  44  3:54  Hellion  
  47  3:58  Hellion  
  49  4:03  Supply Depot  
  50  4:10  SCV  
  50  4:14  Supply Depot  
  50  4:15  Hellion x2  
  54  4:25  SCV, Hellion  
  54  4:30  Hellion  
  59  4:36  Cyclone  
  59  4:37  Supply Depot  
  62  4:42  SCV  
  63  4:46  Cyclone  
  66  4:56  Hellion x2  
  69  5:08  Hellion  
  69  5:10  Refinery  
  69  5:11  Command Center  
  69  5:13  Barracks Reactor  
  77  5:31  Supply Depot  
  77  5:34  Supply Depot  
Show
View Real Time Build Order
Export as new Build Order

K.I.-1 (Sehr leicht) Zerg 

Build Orders: Pool Only 

Get SALT Encoding   

  12  0:00  Drone  
  13  0:12  Overlord  
  13  0:17  Drone  
  14  0:34  Spawning Pool  
  13  0:37  Drone  
  13  0:41  Extractor  
  13  0:44  Drone  
  14  0:51  Overlord  
  14  1:21  Zergling x2  
  14  1:22  Queen  
  17  1:29  Roach Warren  
  16  1:33  Drone  
  16  1:38  Extractor  
  16  1:39  Zergling x2  
  17  1:41  Drone  
  18  1:54  Drone  
  18  1:57  Zergling x2  
  20  2:05  Drone  
  21  2:16  Drone  
  22  2:27  Drone  
  22  2:29  Overlord  
  23  2:34  Drone  
  24  2:41  Drone  
  25  4:29  Zergling x2  
  25  4:57  Zergling x2  
  23  5:10  Drone  
  20  5:15  Zergling x2  
  20  5:18  Drone  
Tags
 
Add a new tag
Caveats
  • Supply blocks, unpowered buildings, or Contaminate may cause inaccurate times.
  • Supply counts are checked every 10 seconds.